 Dungeon Sprint DCSS version 0.02-122-g12e50fee3c (webtiles) character file.

Game seed: 11102753863260397718, levelgen mode: deterministic

1255 lorenzova the Eclecticist (level 8, -6/45 HPs) Deep Elf Fire Elementalist. Began on Oct 6, 2020. Was a Believer of Vehumet. Killed from afar by Josephine (28 damage) ... with a ghostly fireball ... in the Dungeon (Sprint III: "The Ten Rune Challenge"). The game lasted 00:06:20 (875 turns).

lorenzova the Eclecticist (DEFE)                     Turns: 875, Time: 00:06:21

Health: -6/45      AC:  2    Str:  5    XL:     8 ^: 1004
Magic:  30/30      EV: 12    Int: 23    God:    Vehumet [2* [58]]
Gold:   33         SH:  0    Dex: 15    Spells: 20/39 levels left

rFire    + . .     Vision   .   (no weapon)
rCold    . . .     Gourm    .   (no weapon)
rNeg     . . .     Faith    .   a - +0 robe
rPois    .         Spirit   .   (helmet restricted)
rElec    .         Reflect  .   (no cloak)
rCorr    .         Harm     .   (no gloves)
MR       .....     NoTele   +   (no boots)
Stlth    +.........             (no amulet)
HPRegen  0.25/turn              (no ring)
MPRegen  0.40/turn              (no ring)

@: heavily drained, very slow
A: horns 1, fire resistance 1, sense surroundings 1, robust 1, evolution 1
a: Renounce Religion


You were in the Dungeon.
You worshipped Vehumet.
Vehumet was pleased with you.
You were very hungry.

You visited 1 branch You collected 33 gold pieces.

Inventory:

Armour
 a - a +0 robe (worn)
Scrolls
 b - a scroll of fog
 i - a scroll of blinking
 j - 3 scrolls of bless item
 k - a scroll of holy word
 l - a scroll of amnesia
Potions
 d - 4 potions of curing
 e - a potion of heal wounds
 f - 3 potions of haste
 g - a potion of magic
 h - a potion of berserk rage
Miscellaneous
 m - a lamp of fire
Comestibles
 c - 4 rations


   Skills:
 - Level 2.4(1.3) Dodging
 - Level 2.4(1.3) Stealth
 + Level 16.0(14.4) Spellcasting
 + Level 14.0(12.4) Fire Magic


You had 20 spell levels left.
You knew the following spells:

 Your Spells              Type           Power        Failure   Level  Hunger
a - Foxfire               Fire           25 (25)      1%          1    None
b - Searing Ray           Fire           50 (50)      1%          2    None
c - Conjure Flame         Fire           65 (100)     1%          3    None
d - Sticky Flame          Fire/Pois      45 (100)     2%          4    None
f - Fireball              Fire           65 (200)     1%          5    ###....
k - Swiftness             Chrm/Air       16 (100)     5%          2    None
p - Blink                 Tloc           N/A          5%          2    None

Your spell library contained the following spells:

 Spells                   Type           Power        Failure   Level  Hunger
 Flame Tongue             Fire           40 (40)      1%          1    None
 Inner Flame              Hex/Fire       45 (100)     1%          3    None
 Sandblast                Erth           16 (50)      3%          1    None
 Shock                    Air            16 (25)      3%          1    None
 Call Imp                 Summ           16 (100)     5%          2    None
 Slow                     Hex            16 (100)     5%          2    None
 Throw Frost              Ice            16 (50)      5%          2    None
 Mephitic Cloud           Pois/Air       16 (100)     11%         3    None
 Static Discharge         Air            16 (100)     11%         3    None
 Airstrike                Air            16 (200)     34%         4    None
 Lightning Bolt           Air            16 (200)     69%         5    ###....


Dungeon Overview and Level Annotations

Branches:
Dungeon (1/1)

Altars:
Cheibriados
Dithmenos
Elyvilon
Fedhas Madash
Gozag Ym Sagoz
Hepliaklqana
Kikubaaqudgha
Makhleb
Nemelex Xobeh
Okawaru
Qazlal
Ru
Sif Muna
Trog
Uskayaw
Vehumet
Wu Jian
Xom
Yredelemnul
Zin
The Shining One
Beogh
Jiyva
Lugonu

Annotations:
D Josephine


Innate Abilities, Weirdness & Mutations

You have a pair of small horns on your head.
You are heat resistant. (rF+)
You passively map a small area around you.
You are robust. (+10% HP)
You evolve.


Message History

There is a blossoming altar of Fedhas here.
There is an open door here.
You open the door.
There is an open door here.
Josephine the Decaying Necromancer comes into view.
Casting: Fireball (safe; 1% risk of failure)
Confirm with . or Enter, or press ? or * to list all spells.
You don't know that spell.
You enter the shallow water.
Moving in this stuff is going to be slow.
Josephine shouts!
Josephine points at you and mumbles some strange words.
The ghostly flame explodes!
The ghostly fireball engulfs you (23)!!
You feel drained.
Ouch! That really hurt!
Josephine casts a spell at you.
The ghostly flame explodes!
The ghostly fireball engulfs you (28)!!
You feel drained.
Ouch! That really hurt!
You die...

..#___#___#__# ,
..#...#__.#._# , , *
..###.#)###.## ,, ,
..#.)...†....#, ,
..÷)⌠.....)..#,* *,
..#...######'#,,*
..#)⌠.#__#...#+#####
..#...#__#...#§§§§§+
..#'###__#...#.#@§§#
*
..#...#__#...'§#§§§#
..#___#__'...#.#§@§#
, ▓▓▓▓▓▓▓▓▓▓▓▓▓▓▓▓ *
* * * , ** ≈ ≈, , ≈
≈ * ≈ ≈ ≈≈ ≈ + , , *
* **** , * * ** + *


You could see Josephine.

Vanquished Creatures
  A deep elf mage (D)
  A shadow (D)
  A spatial vortex (D)
  A necrophage (D)
  A water elemental (D)
  A scorpion (D)
  A jelly (D)
  A wizard (D)
  A necromancer (D)
  3 humans (D)
  A kobold demonologist (D)
  An ooze (D)
  3 rats (D)
  3 giant blowflies (D)
20 creatures vanquished.

Vanquished Creatures (others)
  2 draconian scorchers (D)
  6 hellions (D)
  A yaktaur (D)
  33 foxfires (D)
  4 plants (D)
46 creatures vanquished.

Grand Total: 66 creatures vanquished

Notes
Turn   | Place    | Note
-------+----------+-------------------------------------------
     0 | D        | lorenzova the Deep Elf Fire Elementalist began the quest
                  | for the Orb.
     0 | D        | Reached XP level 1. HP: 10/10 MP: 6/6
     9 | D        | Reached skill level 4 in Spellcasting
    71 | D        | Reached skill level 6 in Spellcasting
    71 | D        | Reached skill level 5 in Fire Magic
    71 | D        | Reached XP level 2. HP: 3/15 MP: 3/11
   111 | D        | Killed a hellion
   112 | D        | Killed a hellion
   113 | D        | Learned a level 2 spell: Searing Ray
   113 | D        | Killed a hellion
   113 | D        | Killed a hellion
   115 | D        | Killed a hellion
   129 | D        | Killed a yaktaur
   131 | D        | Killed a hellion
   151 | D        | Noticed a scorpion
   174 | D        | Killed a scorpion
   174 | D        | Reached skill level 8 in Spellcasting
   174 | D        | Reached XP level 3. HP: 19/19 MP: 8/14
   174 | D        | Reached XP level 4. HP: 24/24 MP: 9/16
   194 | D        | Killed a white draconian scorcher
   203 | D        | Learned a level 3 spell: Conjure Flame
   206 | D        | Killed a white draconian scorcher
   208 | D        | Learned a level 4 spell: Sticky Flame
   237 | D        | Gained mutation: You are robust. (+10% HP) [potion of
                  | mutation]
   237 | D        | Gained mutation: You are agile. (Dex +2) [potion of
                  | mutation]
   238 | D        | Lost mutation: You are agile. (Dex +2) [potion of mutation]
   238 | D        | Lost mutation: You are robust. (+10% HP) [potion of
                  | mutation]
   238 | D        | Gained mutation: You passively map a small area around you.
                  | [potion of mutation]
   238 | D        | Gained mutation: Potions are less effective at restoring
                  | your health. [potion of mutation]
   238 | D        | Gained mutation: You are strong. (Str +2) [potion of
                  | mutation]
   238 | D        | Gained mutation: You are partially covered in large bone
                  | plates. (SH +4) [potion of mutation]
   239 | D        | Lost mutation: You are strong. (Str +2) [potion of
                  | mutation]
   239 | D        | Lost mutation: Potions are less effective at restoring your
                  | health. [potion of mutation]
   239 | D        | Lost mutation: You are partially covered in large bone
                  | plates. (SH +4) [potion of mutation]
   239 | D        | Gained mutation: You are weak. (Str -2) [potion of
                  | mutation]
   239 | D        | Gained mutation: You have a pair of small horns on your
                  | head. [potion of mutation]
   239 | D        | Gained mutation: You evolve. [potion of mutation]
   257 | D        | Reached skill level 9 in Spellcasting
   334 | D        | Found a radiant altar of Vehumet.
   334 | D        | Found a shimmering blue altar of Sif Muna.
   334 | D        | Found an ancient bone altar of Kikubaaqudgha.
   338 | D        | Reached skill level 10 in Spellcasting
   338 | D        | Reached XP level 5. HP: 28/28 MP: 6/19
   409 | D        | Learned a level 5 spell: Fireball
   454 | D        | Noticed a deep elf mage
   462 | D        | Killed a deep elf mage
   462 | D        | Reached skill level 13 in Spellcasting
   462 | D        | Reached XP level 6. HP: 10/32 MP: 14/24
   462 | D        | Reached XP level 7. HP: 11/36 MP: 15/26
   596 | D        | Found a glowing silver altar of Zin.
   608 | D        | Became a worshipper of Vehumet
   613 | D        | Learned a level 2 spell: Blink
   616 | D        | Learned a level 2 spell: Swiftness
   624 | D        | Found a glowing golden altar of the Shining One.
   624 | D        | Found a white marble altar of Elyvilon.
   628 | D        | Found a hide-covered altar of Uskayaw.
   628 | D        | Found a roughly hewn altar of Beogh.
   628 | D        | Found an iron altar of Okawaru.
   628 | D        | Found a bloodstained altar of Trog.
   628 | D        | Found an ornate altar of the Wu Jian Council.
   631 | D        | Reached skill level 14 in Spellcasting
   632 | D        | Reached skill level 15 in Spellcasting
   691 | D        | Found a basalt altar of Yredelemnul.
   691 | D        | Found a shadowy altar of Dithmenos.
   691 | D        | Found a sacrificial altar of Ru.
   695 | D        | Reached * piety under Vehumet
   695 | D        | Offered knowledge of Sandblast by Vehumet.
   733 | D        | Lost mutation: You are weak. (Str -2) [potion of mutation]
   733 | D        | Lost mutation: You have a pair of small horns on your head.
                  | [potion of mutation]
   733 | D        | Gained mutation: You are robust. (+10% HP) [potion of
                  | mutation]
   733 | D        | Gained mutation: You have a pair of small horns on your
                  | head. [potion of mutation]
   733 | D        | Gained mutation: You are heat resistant. (rF+) [potion of
                  | mutation]
   741 | D        | Noticed a shadow
   744 | D        | Killed a shadow
   744 | D        | Reached XP level 8. HP: 45/45 MP: 13/29
   745 | D        | Reached ** piety under Vehumet
   745 | D        | Offered knowledge of Throw Frost by Vehumet.
   789 | D        | Found a blossoming altar of Fedhas.
   789 | D        | Found a stormy altar of Qazlal.
   789 | D        | Found a snail-covered altar of Cheibriados.
   789 | D        | Found a burning altar of Makhleb.
   789 | D        | Found a shimmering altar of Xom.
   806 | D        | Reached skill level 16 in Spellcasting
   854 | D        | Found a hazy altar of Hepliaklqana.
   854 | D        | Found an opulent altar of Gozag.
   854 | D        | Found a sparkling altar of Nemelex Xobeh.
   854 | D        | Found a corrupted altar of Lugonu.
   854 | D        | Found a viscous altar of Jiyva.
   875 | D        | Noticed Josephine
   875 | D        | Killed from afar by Josephine

Levels and vault maps discovered:
D:        dungeon_sprint_mu [sprint_mu_entry_forest, sprint_mu_temple_rooms,
          sprint_mu_d1_horrors, sprint_mu_d2_genie, sprint_mu_d3_branching,
          sprint_mu_orc_legion, sprint_mu_elf_gauntlet, sprint_mu_hive_nellie,
          sprint_mu_lair_fedhas, sprint_mu_vaults_butterflies,
          sprint_mu_slime_circle, sprint_mu_swamp_cave, sprint_mu_shoals_kraken,
          sprint_mu_blade_basic, sprint_mu_crypt_fortress,
          sprint_mu_tomb_spiral, sprint_mu_vestibule_basic,
          sprint_mu_gehenna_hellfire, sprint_mu_dis_giant,
          sprint_mu_tartarus_statrot, sprint_mu_cocytus_islands, sprint_mu_zot1]

Skill      XL: |  1  2  3  4  5  6  7  8 |
---------------+-------------------------+-----
Spellcasting   | 6 8 10 13 15 16 | 16.0
Fire Magic     | 5 7 8 12 13 14 | 14.0
Dodging        | |  2.4
Stealth        | |  2.4

Action                   |  1- 3 |  4- 6 |  7- 9 || total
-------------------------+-------+-------+-------++-------
 Cast: Foxfire           |    17 |       |       ||    17
       Conjure Flame     |       |     6 |     5 ||    11
       Searing Ray       |       |     3 |       ||     3
       Fireball          |       |     4 |    10 ||    14
       Sticky Flame      |       |     1 |     3 ||     4
  Use: Potion            |       |     4 |     1 ||     5
Armor: Robe              |       |     1 |       ||     1
Dodge: Dodged            |    11 |     1 |     1 ||    13
